 Dungeon Crawl Stone Soup version 0.22-a0-447-gee5f723 (webtiles) character file.

254 Leszczynek the Cutter (level 5, -2/30 HPs)
             Began as a Deep Elf Skald on June 3, 2018.
             Was a Follower of Okawaru.
             Slain by an iguana (11 damage)
             ... on level 2 of the Dungeon.
             The game lasted 00:11:37 (1953 turns).

Leszczynek the Cutter (Deep Elf Skald)              Turns: 1953, Time: 00:11:38

Health: -2/30      AC:  3    Str:  9    XL:     5   Next: 90%
Magic:  2/11       EV: 12    Int: 18    God:    Okawaru [*.....]
Gold:   105        SH:  0    Dex: 14    Spells: 4/10 levels left

rFire    . . .     SeeInvis .   a - +0 rapier
rCold    . . .     Gourm    .   (no shield)
rNeg     . . .     Faith    .   b - +0 leather armour
rPois    .         Spirit   .   (no helmet)
rElec    .         Reflect  .   (no cloak)
rCorr    .         Harm     .   (no gloves)
MR       .....                  (no boots)
Stlth    +.........             f - amulet of the acrobat
HPRegen  0.10/turn              (no ring)
MPRegen  0.12/turn              (no ring)

@: shrouded
A: no striking features
a: Heroism, Renounce Religion


You were on level 2 of the Dungeon.
You worshipped Okawaru.
Okawaru was aware of your devotion.
You were not hungry.

You visited 1 branch of the dungeon, and saw 4 of its levels.

You collected 105 gold pieces.

Inventory:

Hand Weapons
 a - a +0 rapier (weapon)
 l - a +0 blowgun
 p - a +0 short sword
Missiles
 g - 42 stones (quivered)
 n - 22 sling bullets
Armour
 b - a +0 leather armour (worn)
 j - a +0 scale mail of poison resistance
Jewellery
 f - an amulet of the acrobat (around neck)
Scrolls
 c - a scroll of noise {unknown}
 e - 2 scrolls of identify {unknown}
 i - 2 scrolls of fear {unknown}
 k - 2 scrolls of remove curse {unknown}
 m - a scroll of teleportation {unknown}
Potions
 o - a potion of lignification {!q}
 q - a potion of invisibility {unknown}
 r - a potion of heal wounds {unknown}
 s - a potion of brilliance {unknown}
Comestibles
 d - 2 rations


   Skills:
 - Level 2.0 Fighting
 + Level 5.0 Short Blades
 - Level 0.7 Armour
 - Level 2.4 Dodging
 - Level 3.0 Spellcasting
 - Level 4.2 Hexes
 - Level 4.4 Charms


You had 4 spell levels left.
You knew the following spells:

 Your Spells              Type           Power        Failure   Level  Hunger
a - Infusion              Chrm           ###.         3%          1    None
b - Shroud of Golubria    Chrm/Tloc      ##........   14%         2    ##.....
c - Spectral Weapon       Hex/Chrm       ###.....     12%         3    ###....

Your spell library contained the following spells:

 Spells                   Type           Power        Failure   Level  Hunger
 Regeneration             Chrm/Necr      ##........   26%         3    ###....
 Song of Slaying          Chrm           ###.....     5%          2    ##.....


Dungeon Overview and Level Annotations

Branches:
Dungeon (4/15)
 Temple: D:4-7

Altars:
Elyvilon
Okawaru
Zin

Annotations:
D:2 Natasha


Message History

Your magical contamination has completely faded away.
Unknown command.
There is a stone staircase leading up here.
Your shroud bends the iguana's attack away.
The gnoll hits you but does no damage.
You climb upwards.
Level annotation: Natasha
There is a stone staircase leading down here.
Casting: Shroud of Golubria (safe; 14% risk of failure)
Confirm with . or Enter, or press ? or * to list all spells.
You draw out your weapon's spirit!
Your shroud bends the iguana's attack away!
Unknown command.
You closely miss the iguana.
Your spectral weapon hits the iguana but does no damage.
The iguana bites you!
You hit the iguana.
The iguana is moderately wounded.
Your spectral weapon hits the iguana!
The iguana bites you!
You die...

#.# #. #.#.# ..# #.#
#.#.# #.# ###.#####.#.#
..########...........#
#... ..............#.#
#.. ..##.#.....###.# #.#
#.##.#.........####
#.#####.##.#....l.......#
)..............(@....####
#.##.##............#.#
#.##.##..##.[.####.#.#
#.##.##..##........#.#
#.##...............#.#
#.##.##..##..#####.#.#
####[##..##..# #.#.#
......##..# #.#.#
...##.###..# #.#


You could see an iguana and a friendly spectral rapier.

Vanquished Creatures
  A centaur skeleton (D:4)
  2 orc priests (D:3)
  Terence (D:2)
  Natasha (D:2)
  4 adders
  3 worms
  3 dart slugs (D:2)
  5 orcs
  8 bats
  3 giant cockroaches
  4 hobgoblins
  6 jackals
  2 ball pythons
  5 frilled lizards
  2 goblins
  5 kobolds
  8 rats
63 creatures vanquished.

Notes
Turn   | Place    | Note
-------+----------+-------------------------------------------
     0 | D:1      | Leszczynek the Deep Elf Skald began the quest for the Orb.
     0 | D:1      | Reached XP level 1. HP: 12/12 MP: 6/6
   232 | D:1      | Reached XP level 2. HP: 14/17 MP: 6/8
   234 | D:1      | Reached skill level 2 in Fighting
   238 | D:1      | Learned a level 2 spell: Shroud of Golubria
   524 | D:3      | Reached skill level 3 in Short Blades
   553 | D:3      | Found a white marble altar of Elyvilon.
   585 | D:3      | Reached XP level 3. HP: 21/21 MP: 2/9
   717 | D:2      | Noticed Natasha
   723 | D:2      | Ouch! That really hurt!
   723 | D:2      | HP: 3/21 [Natasha (12)]
   726 | D:2      | Killed Natasha
   726 | D:2      | Reached skill level 4 in Short Blades
   726 | D:2      | Reached XP level 4. HP: 6/26 MP: 3/10
   766 | D:2      | Learned a level 3 spell: Spectral Weapon
   847 | D:2      | Noticed Natasha
   863 | D:1      | Reached skill level 1 in Hexes
  1023 | D:2      | Found a glowing silver altar of Zin.
  1193 | D:2      | Reached skill level 2 in Hexes
  1358 | D:3      | Found a faded altar of an unknown god.
  1367 | D:3      | Reached skill level 3 in Hexes
  1367 | D:3      | Reached XP level 5. HP: 15/30 MP: 0/11
  1422 | D:3      | Became a worshipper of Warmaster Okawaru
  1422 | D:3      | Reached * piety under Okawaru
  1423 | D:3      | okay
  1539 | D:2      | Noticed Terence
  1558 | D:2      | Killed Terence
  1558 | D:2      | Reached skill level 4 in Hexes
  1783 | D:4      | Reached skill level 5 in Short Blades
  1953 | D:2      | Slain by an iguana

Vault maps used:
D:1:      evilmike_arrival_rings
D:2:      zin_statuary, first_ration, uniq_terence, uniq_natasha
D:3:      elyvilon_altar_5, chequers_ecumenical_altar_simple_redux,
          serial_park_tiny_1

Skill      XL: |  1  2  3  4  5 |
---------------+----------------+-----
Fighting       | 2 |  2.0
Short Blades   | 3 4 5 |  5.0
Hexes          | 3 4 |  4.2
Armour         | |  0.7
Dodging        | |  2.4
Spellcasting   | |  3.0
Charms         | |  4.4

Action                   |  1- 3 |  4- 6 || total
-------------------------+-------+-------++-------
Melee: Short sword       |    72 |   164 ||   236
       Rapier            |       |    13 ||    13
Throw: Stone             |    18 |     1 ||    19
 Cast: Infusion          |     5 |     2 ||     7
       Shroud of Golubri |     7 |    12 ||    19
       Spectral Weapon   |       |    11 ||    11
  Use: Potion            |     2 |       ||     2
 Stab: Distracted        |       |     1 ||     1
  Eat: Chunk             |       |     7 ||     7
Armor: Leather armour    |     8 |    46 ||    54
       Skin              |     1 |     3 ||     4
Dodge: Dodged            |    39 |   129 ||   168

Table legend:
 A = Spawn XP
 B = Non-spawn XP
 C = Spawn XP percentage of total XP
 D = Spawn monster count
 E = Non-spawn monster count
 F = Spawn count percentage of total count
 G = Total turns spent on level
                    A         B        C        D         E        F      G
               +---------+---------+-------+---------+---------+-------+---------
         Total |       0 |     363 |   0.0 |       0 |      63 |   0.0 |  1953
               +---------+---------+-------+---------+---------+-------+---------
           D:1 |       0 |      38 |   0.0 |       0 |      19 |   0.0 |   677
           D:2 |       0 |     142 |   0.0 |       0 |      20 |   0.0 |   620
           D:3 |       0 |     129 |   0.0 |       0 |      18 |   0.0 |   444
           D:4 |       0 |      54 |   0.0 |       0 |       6 |   0.0 |   212
               +---------+---------+-------+---------+---------+-------+---------
